Map: Lerilak Crest

Players

Chouki - Winner!

  • Race: Terran Terran
  • League: Gold

capac

  • Race: Terran Terran
  • League: Gold

VOD

Have the link to the VOD?

Description

Time

  • Played on: Feb. 9, 2016, 12:54 p.m.
  • Length: 14:50
Show
View Real Time Build Order
Export as new Build Order

Chouki Terran - Winner!

Build Orders:  

Get SALT Encoding   

  12  0:01  SCV  
  13  0:13  SCV  
  14  0:17  Supply Depot  
  14  0:25  SCV  
  15  0:39  SCV  
  15  0:41  Barracks  
  16  0:46  Refinery  
  17  0:57  SCV  
  17  1:09  SCV  
  18  1:21  SCV  
  19  1:29  Marine  
  20  1:33  Orbital Command  
  20  1:46  Command Center  
  20  1:50  Marine  
  21  1:59  SCV  
  22  2:12  Supply Depot  
  23  2:20  Barracks Reactor, SCV  
  23  2:33  Refinery, Factory, SCV  
  24  2:45  SCV  
  25  2:58  Marine x2, SCV  
  28  3:07  Orbital Command  
  28  3:10  SCV  
  29  3:19  Starport, Factory Tech Lab  
  29  3:20  Marine x2  
  29  3:22  SCV  
  32  3:30  Supply Depot  
  32  3:33  SCV  
  33  3:34  SCV  
  34  3:41  Marine x2  
  34  3:44  Siege Tank  
  34  3:45  SCV  
  34  3:46  SCV  
  41  3:56  Medivac  
  41  3:57  Supply Depot  
  41  3:58  SCV  
  41  3:59  SCV  
  45  4:04  Marine x2  
  47  4:10  SCV  
  48  4:22  Engineering Bay, Command Center  
  48  4:27  Siege Tank  
  48  4:31  Starport Reactor  
  51  4:35  SCV x2  
  53  4:39  Marine x2  
  55  4:47  SCV x2  
  55  4:50  Supply Depot  
  57  4:56  Barracks x2  
  57  5:01  Marine x2  
  59  5:07  SCV  
  59  5:11  Siege Tank  
  63  5:27  Marine x2  
  63  5:28  Medivac x2  
  69  5:45  Marine  
  70  5:53  SCV x2  
  70  5:55  Barracks Tech Lab, Barracks, Barracks Reactor  
  70  5:56  Barracks  
  72  5:59  Terran Infantry Weapons Level 1  
  72  6:02  Supply Depot, Medivac  
  74  6:05  SCV  
  75  6:18  SCV  
  75  6:19  SCV  
  75  6:20  Orbital Command  
  77  6:30  Engineering Bay, SCV  
  77  6:31  SCV, Armory  
  79  6:40  Marine  
  79  6:41  Marine x4  
  79  6:43  SCV x2  
  79  6:46  Refinery  
  86  6:47  Refinery  
  86  6:52  Barracks Reactor  
  86  6:55  SCV x2  
  86  6:58  Marine  
  86  6:59  Marine x3  
  92  7:06  SCV, Barracks Reactor  
  93  7:09  Terran Infantry Armor Level 1  
  93  7:17  Supply Depot, Refinery  
  93  7:18  Supply Depot, Refinery  
  93  7:23  Supply Depot  
  93  7:24  Supply Depot  
  93  7:38  Marine x4  
  93  7:39  Marine x2, SCV x3  
  93  7:40  Marine  
  93  7:41  Medivac  
  105  7:51  Marine x2, SCV x3  
  109  7:56  Marine x4  
  109  7:57  Marine x2  
  116  8:00  Marine  
  117  8:08  Marine  
  117  8:09  Marine  
  117  8:10  SCV x3  
  121  8:13  Siege Tank  
  121  8:14  Marine  
  125  8:26  Supply Depot  
  125  8:27  Supply Depot  
  125  8:47  Marine x7, Medivac  
  125  8:48  Marine x2, Siege Tank, SCV, Medivac  
  133  8:51  Supply Depot x2  
  133  8:53  Supply Depot  
  141  9:09  Terran Infantry Weapons Level 2, Terran Infantry Armor Level 2  
  141  9:10  Command Center  
  141  9:13  Marine x9  
  141  9:15  Supply Depot  
  141  9:16  Supply Depot  
  147  9:30  Marine x3  
  143  9:33  Marine  
  143  9:35  Marine  
  143  9:36  Marine x4  
  143  9:38  Stimpack  
  149  9:43  Barracks, Medivac x2  
  149  9:45  Barracks  
  153  9:48  Marine x2  
  153  9:51  Marine  
  156  9:56  Marine  
  157  10:00  Marine x5  
  157  10:01  Siege Tank  
  157  10:06  Marine x2  
  167  10:07  Supply Depot  
  167  10:09  Marine  
  167  10:13  Supply Depot  
  168  10:14  Marine  
  168  10:18  Marine x3  
  169  10:38  Marine  
  169  10:39  Marine x8  
  169  10:40  Viking, Siege Tank  
  169  10:41  Viking  
  180  10:56  Marine  
  180  10:57  Marine x8  
  189  11:14  Marine x6  
  183  11:20  Marine  
  183  11:21  Marine x2  
  159  11:29  Terran Infantry Armor Level 3, Terran Infantry Weapons Level 3  
  159  11:32  Barracks Tech Lab, Marine x6  
  161  11:36  Command Center  
  161  11:38  Marine  
  161  11:39  Marine  
  167  11:40  Barracks Reactor  
  167  11:41  Starport  
  167  11:49  Viking x2  
  167  11:50  Marine  
  167  11:51  Marine x6, Siege Tank  
  181  12:05  Combat Shields  
  181  12:06  Concussive Shells  
  181  12:07  Marine  
  181  12:08  Marine  
  183  12:10  Marine  
  176  12:32  Marine  
  175  12:37  Marine  
  175  12:39  Viking, Medivac x2  
  182  12:46  Marine  
  182  12:47  Marine x9  
  190  12:56  Marine x2  
  192  13:04  Marine  
  192  13:05  Marine x8  
  193  13:16  Marine  
  193  13:17  Marine  
  193  13:18  Marine  
  193  13:20  Planetary Fortress  
  193  13:22  Marine  
  193  13:23  Marine x6  
  193  13:25  Missile Turret  
  193  13:26  Missile Turret  
  200  13:31  Orbital Command  
  200  13:47  Command Center  
  194  14:06  Viking x3  
Show
View Real Time Build Order
Export as new Build Order

capac Terran 

Build Orders:  

Get SALT Encoding   

  12  0:01  SCV  
  13  0:13  SCV  
  14  0:21  Supply Depot  
  14  0:25  SCV  
  15  0:43  SCV  
  15  0:46  Barracks  
  16  0:55  SCV  
  17  0:58  Refinery  
  17  1:08  SCV  
  18  1:21  SCV  
  19  1:35  Command Center  
  19  1:36  Supply Depot  
  19  1:37  Marine  
  20  1:48  Orbital Command  
  20  2:00  Marine  
  21  2:06  Factory  
  21  2:12  Refinery  
  21  2:19  SCV  
  21  2:28  Barracks Tech Lab  
  21  2:31  SCV  
  22  2:44  SCV  
  23  2:53  Starport  
  23  3:13  Siege Tank  
  23  3:14  Marine  
  23  3:18  Barracks  
  27  3:22  SCV  
  27  3:26  Barracks  
  28  3:32  Medivac  
  30  3:34  Marine, SCV  
  32  3:47  Siege Tank  
  35  3:50  Orbital Command  
  35  3:58  SCV  
  36  4:05  Starport Reactor  
  36  4:09  Barracks Reactor  
  36  4:28  Liberator  
  36  4:44  SCV  
  37  4:49  Barracks Tech Lab  
  37  4:50  Barracks Reactor  
  37  4:52  SCV  
  41  4:56  Refinery, SCV  
  41  4:57  Refinery  
  41  5:38  Marine, SCV x2  
  41  5:39  Marine  
  41  5:41  Marine  
  46  5:50  Liberator  
  46  5:58  Supply Depot x2  
  46  6:02  Marine x4, Siege Tank, SCV, Stimpack  
  54  6:08  Engineering Bay  
  54  6:10  Engineering Bay, SCV  
  58  6:14  SCV  
  58  6:17  Liberator  
  59  6:22  Supply Depot, SCV  
  60  6:26  SCV  
  61  6:34  Siege Tank, SCV  
  61  6:35  Marine x3  
  61  6:36  Supply Depot, Marine x2  
  61  6:38  SCV  
  74  6:46  SCV  
  75  6:47  Supply Depot  
  75  6:50  SCV  
  76  7:06  Siege Tank  
  79  7:15  Supply Depot  
  79  7:16  Marine x3  
  79  7:17  Marine x2  
  84  7:32  Command Center  
  84  7:34  Marine x3  
  87  7:52  Marine x4  
  87  7:53  Siege Tank  
  94  7:59  Liberator x2  
  97  8:50  Marine x3  
  97  8:51  Marine x2  
  102  8:58  Liberator x2  
  102  9:08  Marine x4  
  112  9:20  Starport  
  112  9:26  Barracks  
  112  9:28  Barracks  
  105  9:59  Medivac x2  
  109  10:06  Marine x5  
  110  10:24  Marine x5  
  105  10:48  Medivac x2  
  107  10:51  Marine x4  
  107  10:52  Marine  
  112  11:01  Liberator x2  
  112  11:09  Marine  
  99  11:40  Siege Tank  
  99  11:43  Liberator  
  99  11:44  Liberator  
  108  12:04  Marine x4  
  108  12:05  Marine  
  113  12:13  Siege Tank  
  116  12:22  Marine x2  
  118  12:26  Liberator x2  
  117  13:09  Liberator x2  
  114  13:22  Orbital Command  
  120  13:29  SCV  
  120  13:30  SCV  
  120  13:33  Marine x3  
  125  13:43  Missile Turret  
  125  13:57  Marine x2, SCV  
  125  14:02  Marine, SCV  
Tags
 
League
GoldGold
Matchup
TvT
Race
Terran
Add a new tag
Caveats
  • Supply blocks, unpowered buildings, or Contaminate may cause inaccurate times.
  • Supply counts are checked every 10 seconds.